 Dungeon Crawl Stone Soup version 0.20.1-1-g8b1a95d (webtiles) character file.

240 polve the Insei (level 5, -4/41 HPs)
             Began as a Demonspawn Abyssal Knight on July 13, 2017.
             Was a Believer of Lugonu.
             Killed by divine providence
             ... invoked by an orc priest
              (16 damage)
             ... on level 4 of the Dungeon.
             The game lasted 00:03:51 (4378 turns).

polve the Insei (Demonspawn Abyssal Knight)         Turns: 4378, Time: 00:03:51

Health: -4/41      AC:  7    Str: 12    XL:     5   Next: 79%
Magic:  6/6        EV: 10    Int: 13    God:    Lugonu [**....]
Gold:   223        SH:  0    Dex: 14    Spells: 2/4 levels left

rFire    + . .     SeeInvis .     - Unarmed
rCold    . . .     Gourm    .   (no shield)
rNeg     . . .     Faith    .   f - +0 scale mail
rPois    .         Spirit   .   r - +0 helmet
rElec    .         Reflect  .   (no cloak)
rCorr    .         Harm     .   (no gloves)
MR       .....                  (no boots)
Stlth    ..........             (no amulet)
Regen    0.2/turn               m - ring of protection from fire
MPRegen  0.1/turn               g - ring of wizardry

@: no status effects
A: claws 1, sturdy frame 1
a: Depart the Abyss, Bend Space, Renounce Religion


You were on level 4 of the Dungeon.
You worshipped Lugonu.
Lugonu was pleased with you.
You were very hungry.

You visited 1 branch of the dungeon, and saw 4 of its levels.
You visited the Abyss 1 time.

You collected 223 gold pieces.

Inventory:

Armour
 f - a +0 scale mail (worn)
 r - a +0 helmet (worn)
Jewellery
 g - a ring of wizardry (right claw)
 m - a ring of protection from fire (left claw)
Wands
 n - a wand of polymorph (6/24)
Scrolls
 a - 2 scrolls of amnesia {unknown}
 b - a scroll of fog {unknown}
 d - 2 scrolls of fear {unknown}
 e - 3 scrolls of identify {unknown}
 i - a scroll of enchant armour {unknown}
 k - 2 scrolls of teleportation {unknown}
 l - a scroll of blinking {unknown}
 s - a scroll of recharging {unknown}
Potions
 h - a potion of curing
 o - a potion of flight {unknown}
 t - a potion of cancellation {unknown}
Comestibles
 c - 3 bread rations
 j - a meat ration
 p - a royal jelly
 q - 3 fruits


   Skills:
 - Level 3.0 Fighting
   Level 2.5 Long Blades
 - Level 1.7 Armour
 - Level 0.8 Dodging
 + Level 4.8 Unarmed Combat
 - Level 2.4 Invocations


You had 2 spell levels left.
You knew the following spells:

 Your Spells              Type           Power        Failure   Level  Hunger
a - Apportation           Tloc           #.....       32%         1    ##.....
b - Corona                Hex            #......      32%         1    ##.....


Dungeon Overview and Level Annotations

Branches:
Dungeon (4/15)
 Temple: D:4-7

Altars:


Innate Abilities, Weirdness & Mutations

You have sharp fingernails.
Your movements are slightly less encumbered by armour. (ER -2)


Message History

The orc wizard gestures wildly while chanting.
The orc wizard seems to speed up.
The orc priest calls upon Beogh to heal the orc wizard.
The orc wizard is healed somewhat.
The orc wizard mumbles some strange words.
The orc wizard seems to speed up.
The orc priest hits you with a mace. The orc wizard casts a spell at you.
You resist with some effort.
The orc priest calls down the wrath of Beogh upon you.
Beogh smites you!
* * * LOW HITPOINT WARNING * * *
The orc wizard casts a spell.
The orc wizard blinks!
The orc wizard hits you with a dagger.
* * * LOW HITPOINT WARNING * * *
The orc priest invokes the aid of Beogh against you.
You barely resist.
The orc priest calls down the wrath of Beogh upon you.
Beogh smites you!
You die...

..........#......#
#..###...##......#
## ###...#.....###
#.....#.....#
#.....#.....#
#...<.#.....#
#.....#.....#
#.....#.....#
#.....+.@...#
##...##..o.o#
....#.....oo......
#....#.............
#....#.......o.....
#....#.............
#.............
#.............
..####+##+##+#


You could see 3 orc priests and 2 orc wizards.

Vanquished Creatures
  A bullfrog (D:3)
  Jessica (D:3)
  An orc wizard (D:3)
  4 adders
  An ooze (D:1)
  A worm (D:2)
  A dart slug (D:2)
  2 leopard geckos (D:3)
  3 orcs
  5 giant cockroaches
  12 goblins
  9 hobgoblins
  3 jackals (D:1)
  A quokka (D:3)
  2 ball pythons
  9 bats
  3 frilled lizards
  5 kobolds
  7 rats
71 creatures vanquished.

Notes
Turn   | Place    | Note
-------+----------+-------------------------------------------
     0 | Abyss:1  | polve the Demonspawn Abyssal Knight began the quest for the Orb.
     0 | Abyss:1  | Reached XP level 1. HP: 18/18 MP: 2/2
    42 | Abyss:1  | Noticed an ancient zyme
    54 | Abyss:1  | Noticed a spatial vortex
    55 | Abyss:1  | Noticed a four-headed hydra skeleton
    55 | Abyss:1  | Noticed a spatial vortex
    59 | Abyss:1  | Noticed a spatial vortex
    59 | Abyss:1  | Noticed a spatial vortex
    60 | Abyss:1  | Noticed a spatial vortex
    63 | Abyss:1  | Noticed a spatial vortex
    84 | Abyss:1  | Noticed a thrashing horror
    87 | D:1      | Escaped the Abyss
   816 | D:1      | Gained mutation: You have sharp fingernails. [demonic ancestry]
   816 | D:1      | Reached XP level 2. HP: 24/24 MP: 3/3
   938 | D:1      | Reached * piety under Lugonu
   971 | D:1      | Reached skill level 1 in Unarmed Combat
  1147 | D:1      | Reached XP level 3. HP: 27/29 MP: 4/4
  1647 | D:2      | Reached skill level 2 in Unarmed Combat
  2582 | D:2      | Gained mutation: Your movements are slightly less encumbered by armour. (ER -2) [demonic ancestry]
  2582 | D:2      | Reached XP level 4. HP: 33/35 MP: 5/5
  2647 | D:3      | Reached skill level 3 in Unarmed Combat
  2970 | D:3      | Reached ** piety under Lugonu
  3107 | D:3      | Noticed a bullfrog
  3129 | D:3      | Killed a bullfrog
  3129 | D:3      | Reached skill level 4 in Unarmed Combat
  3129 | D:3      | Reached XP level 5. HP: 9/41 MP: 6/6
  3647 | D:3      | Noticed Jessica
  3659 | D:3      | Killed Jessica
  3735 | D:3      | Identified Jessica's Reference Book on the Oath
  3739 | D:3      | Learned a level 1 spell: Apportation
  3741 | D:3      | Learned a level 1 spell: Corona
  4378 | D:4      | Killed from afar by an orc priest

Skill      XL: |  1  2  3  4 |
---------------+-------------+-----
Long Blades    | 2 |  2.5
Unarmed Combat | 1 2 4 |  4.8
Fighting       | |  3.0
Armour         | |  1.7
Dodging        | |  0.8
Invocations    | |  2.4

Action                   |  1- 3 |  4- 6 || total
-------------------------+-------+-------++-------
Melee: Falchion          |    15 |       ||    15
       Unarmed           |   163 |   126 ||   289
       Punch             |     3 |     1 ||     4
Invok: Depart the Abyss  |     1 |       ||     1
  Use: Potion            |       |     1 ||     1
  Eat: Chunk             |     4 |     6 ||    10
Armor: Leather armour    |     5 |       ||     5
       Scale mail        |   102 |    56 ||   158
Dodge: Dodged            |   112 |    71 ||   183
       Rpst.: Falchion   |     2 |       ||     2
